 Dungeon Crawl Stone Soup version 0.27-a0-1302-g7736ffe575 (webtiles) character file.

Game seed: 8639620424266913646

1360 Johnny the Magician (level 8, -5/51 HPs)
             Began as a Deep Elf Earth Elementalist on June 18, 2021.
             Killed from afar by an orc wizard (14 damage)
             ... with a puff of flame
             ... on level 6 of the Dungeon.
             The game lasted 00:05:44 (8027 turns).

Johnny the Magician (Deep Elf Earth Elementalist)   Turns: 8027, Time: 00:05:44

Health: -5/51      AC:  2    Str:  5    XL:     8   Next: 37%
Magic:  11/20      EV: 12    Int: 23    God:
Gold:   217        SH:  0    Dex: 15    Spells: 17/21 levels left

rFire    . . .     SeeInvis .   n - +2 dagger (venom)
rCold    . . .     Faith    .   (no shield)
rNeg     . . .     Spirit   .   b - +0 robe
rPois    .         Reflect  .   (no helmet)
rElec    .         Harm     .   (no cloak)
rCorr    .         Rampage  .   (no gloves)
Will     .....                  (no boots)
Stlth    ++........             (no amulet)
HPRegen  0.17/turn              (no ring)
MPRegen  0.17/turn              (no ring)

@: no status effects
A: no striking features
a: no special abilities


You were on level 6 of the Dungeon.
You visited 2 branches of the dungeon, and saw 7 of its levels.

You collected 217 gold pieces.

Inventory:

Hand Weapons
 h - a +0 dagger
 i - a +0 short sword
 n - a +2 dagger of venom (weapon)
Missiles
 c - 121 stones
 v - 3 atropa-tipped darts
Armour
 b - a +0 robe (worn)
 y - a +0 buckler
Wands
 l - a wand of flame (16)
 p - a wand of digging (5)
Scrolls
 a - a scroll of acquirement {unknown}
 e - 4 scrolls of teleportation {unknown}
 g - a scroll of enchant weapon {unknown}
 m - 2 scrolls of identify {unknown}
 s - 2 scrolls of magic mapping {unknown}
 u - a scroll of fog {unknown}
 w - a scroll of vulnerability {unknown}
 z - a scroll of fear {unknown}
Potions
 d - 2 potions of attraction {unknown}
 f - 2 potions of might {unknown}
 j - 2 potions of brilliance {unknown}
 k - 2 potions of lignification {unknown}
 o - 3 potions of haste {unknown}
 q - a potion of flight {unknown}
 r - 3 potions of curing {unknown}
 t - a potion of mutation {unknown}
 x - a potion of magic {unknown}


   Skills:
 * Level 6.0 Fighting
 - Level 2.4 Dodging
 - Level 2.4 Stealth
 + Level 7.3 Spellcasting
 - Level 1.1 Transmutations
 + Level 6.5 Earth Magic


You had 17 spell levels left.
You knew the following spells:

 Your Spells              Type           Power      Damage    Failure   Level
a - Sandblast             Erth           76%        2d16      1%          1
b - Stone Arrow           Conj/Erth      46%        3d9       6%          3

Your spell library contained the following spells:

 Spells                   Type           Power      Damage    Failure   Level
 Passwall                 Tmut/Erth      20%        N/A       2%          2
 Lee's Rapid Deconstruct  Erth           19%        3d12*     14%         5
 Petrify                  Tmut/Erth      25%        N/A       16%         4


Dungeon Overview and Level Annotations

Branches:
Dungeon (6/15)             Temple (1/1) D:4

Altars:
Ashenzari
Cheibriados
Elyvilon
Fedhas
Gozag
Hepliaklqana
Kikubaaqudgha
Makhleb
Nemelex Xobeh
Okawaru
Qazlal
Ru
Sif Muna
Trog
Uskayaw
Vehumet
Wu Jian
Xom
Yredelemnul
Zin
The Shining One


Message History

Aiming: Sandblast (safe; 1% risk of failure)
Press: ? - help, Shift-Dir - straight line, f - orc
Aim: an orc, wielding a +0 hand axe (82% to hit)
The blast of sand hits the orc!
You kill the orc!
The centaur hits you. The centaur kicks you.
* * * LOW HITPOINT WARNING * * *
Casting: Sandblast (safe; 1% risk of failure)
Confirm with . or Enter, or press ? or * to list all spells.
Aiming: Sandblast (safe; 1% risk of failure)
Press: ? - help, Shift-Dir - straight line, f - centaur
Aim: a centaur, quivering arrows (almost dead, 89% to hit)
The blast of sand misses the centaur.
The centaur barely misses you. The centaur misses you. The centaur hits you.
* * * LOW HITPOINT WARNING * * *
The centaur kicks you.
* * * LOW HITPOINT WARNING * * *
Something hits you but does no damage.
Casting: Sandblast (safe; 1% risk of failure)
Confirm with . or Enter, or press ? or * to list all spells.
Aiming: Sandblast (safe; 1% risk of failure)
Press: ? - help, Shift-Dir - straight line, f/p - centaur
Aim: a centaur, quivering arrows (almost dead, 89% to hit)
The blast of sand hits the centaur!
You kill the centaur!
Something hits you.
* * * LOW HITPOINT WARNING * * *
Your Fighting skill increases to level 6!
Casting: Sandblast (safe; 1% risk of failure)
Confirm with . or Enter, or press ? or * to list all spells.
Okay, then.
Casting: Sandblast (safe; 1% risk of failure)
Confirm with . or Enter, or press ? or * to list all spells.
Aiming: Sandblast (safe; 1% risk of failure)
Press: ? - help, Shift-Dir - straight line The blast of sand hits something.
You hear some strange, mumbled words.
A puff of flame appears from out of thin air!
The puff of flame hits you!
You die...

#.#####.#
#.#####.###
.....<....#
..#####.#.#
...####.#.#
..†.....#.#####
.#.######.....#
##.# #####.####
...# #####..)@#
####
........){# #
.###.....)..# #
#..?#.#...c.. #
...............
#
##......#......
#
#....$##..####
# ....... ..# #
"......


There were no monsters in sight!

Vanquished Creatures
  A water moccasin (D:5)
  An ice beast (D:5)
  4 ogres (D:5)
  A centaur (D:6)
  A phantom (D:5)
  A gnoll sergeant (D:5)
  3 scorpions (D:5)
  A howler monkey (D:5)
  A bullfrog zombie (D:5)
  An orc priest (D:4)
  Ijyb (D:3)
  3 orc wizards
  A scorpion zombie (D:5)
  2 hound zombies (D:5)
  4 gnolls (D:5)
  6 adders
  An adder skeleton (D:4)
  2 worms
  12 orcs
  6 bats
  2 endoplasms
  A giant cockroach (D:1)
  4 hobgoblins
  10 jackals
  12 kobolds
  5 ball pythons
  2 frilled lizards
  9 goblins
  2 rats
100 creatures vanquished.

Vanquished Creatures (others)
  8 plants
8 creatures vanquished.

Grand Total: 108 creatures vanquished

Notes
Turn   | Place    | Note
-------+----------+-------------------------------------------
     0 | D:1      | Johnny the Deep Elf Earth Elementalist began the quest for
                  | the Orb.
     0 | D:1      | Reached XP level 1. HP: 10/10 MP: 6/6
     0 | D:1      | Noticed a felid
     0 | D:1      | Noticed a dwarf
     2 | D:1      | Noticed an ogre
     3 | D:1      | Noticed a felid
     5 | D:1      | Noticed a naga
     8 | D:1      | Noticed an ogre
     9 | D:1      | Noticed a formicid
    10 | D:1      | Noticed a troll
    12 | D:1      | Noticed a ghoul
    12 | D:1      | Noticed a troll
    14 | D:1      | Noticed a felid
    14 | D:1      | Noticed an ogre
    16 | D:1      | Noticed a dwarf
    16 | D:1      | Noticed a formicid
    18 | D:1      | Noticed a vampire
    20 | D:1      | Noticed a dwarf
    22 | D:1      | Noticed an octopode
   299 | D:1      | Reached XP level 2. HP: 5/16 MP: 5/8
   825 | D:1      | Reached skill level 1 in Fighting
  1859 | D:2      | Reached XP level 3. HP: 20/20 MP: 10/10
  2286 | D:2      | Found a faded altar of an unknown god.
  2724 | D:3      | Noticed Ijyb
  2748 | D:3      | Killed Ijyb
  2749 | D:3      | Reached skill level 4 in Spellcasting
  2749 | D:3      | Reached XP level 4. HP: 8/26 MP: 6/12
  3785 | D:4      | Found a staircase to the Ecumenical Temple.
  3811 | D:4      | Reached XP level 5. HP: 5/31 MP: 2/13
  4077 | Temple   | Entered the Ecumenical Temple
  4494 | D:5      | Entered Level 5 of the Dungeon
  5333 | D:4      | Noticed a two-headed ogre
  5451 | D:5      | Reached XP level 6. HP: 26/37 MP: 9/15
  5614 | D:5      | Reached skill level 5 in Spellcasting
  5801 | D:5      | Learned a level 3 spell: Stone Arrow
  5968 | D:5      | Reached skill level 5 in Earth Magic
  6137 | D:5      | Reached XP level 7. HP: 40/43 MP: 17/17
  6178 | D:5      | HP: 2/44 [poisoned by a scorpion]
  6612 | D:5      | Reached skill level 6 in Spellcasting
  7137 | D:5      | Reached skill level 5 in Fighting
  7316 | D:5      | Reached XP level 8. HP: 49/49 MP: 15/20
  7600 | D:5      | Reached skill level 7 in Spellcasting
  8027 | D:6      | Killed from afar by an orc wizard

Illustrated notes

Levels and vault maps discovered:
D:1:      shiori_arrival_whats_in_store_for_you, layout_loops_ring,
          serial_bayou, serial_bayou_pond_d, serial_bayou_ford_a,
          serial_bayou_pond_e, serial_bayou_lagoon_b, serial_bayou_pond_d,
          serial_bayou_lake_a, hangedman_decor_riveting, minmay_liquid_box
D:2:      layout_loops_corners, dilly_ecumenical_altar_fadedgnrine
D:3:      layout_rooms, uniq_ijyb
D:4:      layout_basic, minmay_temple_entry_slanted
D:5:      layout_loops_ring, grunt_ministairs_5, st_stairs_13,
          grunt_decor_mini_mirrors
D:6:      layout_loops_cross, gup_sewer_entry_spiral
Temple:   compressed_dpeg_circular_temple

Skill      XL: |  1  2  3  4  5  6  7  8 |
---------------+-------------------------+-----
Fighting       | 1 2 3 4 5 6 |  6.0
Spellcasting   | 4 5 6 7 |  7.3
Earth Magic    | 4 5 6 |  6.5
Dodging        | |  2.4
Stealth        | |  2.4
Transmutations | |  1.1

Action                   |  1- 3 |  4- 6 |  7- 9 || total
-------------------------+-------+-------+-------++-------
Melee: Unarmed           |     4 |       |       ||     4
       Dagger            |    44 |    81 |    18 ||   143
       Short sword       |    26 |       |       ||    26
 Cast: Sandblast         |    31 |    46 |    33 ||   110
       Stone Arrow       |       |     4 |    17 ||    21
 Stab: Sleeping          |     9 |     2 |     1 ||    12
Armor: Robe              |    16 |    11 |     3 ||    30
Dodge: Dodged            |    61 |    58 |    27 ||   146

Table legend: (Time is in decaauts)
 A = Elapsed time spent in this place.
 B = Non-inter-level travel time spent in this place.
 C = Inter-level travel time spent in this place.
 D = Time resting spent in this place.
 E = Time spent auto-exploring this place.
 F = Levels seen in this place.
 G = Mean time per level.
                   A        B        C        D        E       F      G
               +--------+--------+--------+--------+--------+-----+--------+
         Total |   8081 |   8013 |     68 |   1386 |   5759 |   7 | 1154.4 |
       Dungeon |   7975 |   7915 |     60 |   1386 |   5662 |   6 | 1329.2 |
        Temple |    106 |     98 |      8 |      0 |     97 |   1 |  106.0 |
               +--------+--------+--------+--------+--------+-----+--------+

Top non-repeatable levels by time:
     D:5: 2687 daAuts
     D:4: 1529 daAuts
     D:1: 1432 daAuts
     D:2: 1148 daAuts
     D:3: 1049 daAuts
     D:6: 127 daAuts
  Temple: 106 daAuts
